 Dungeon Crawl Stone Soup version 0.24-a0-342-gad4687c37d (webtiles) character file.

Game seed: 10877251870647963264

1 mhoghedin the Magician (level 1, -1/13 HPs)
             Began as a Mummy Ice Elementalist on May 21, 2019.
             Slain by a dart slug (2 damage)
             ... on level 1 of the Dungeon.
             The game lasted 00:00:31 (40 turns).

mhoghedin the Magician (Mummy Ice Elementalist)       Turns: 40, Time: 00:00:31

Health: -1/13      AC:  2    Str: 11    XL:     1   Next: 16%
Magic:  0/4        EV: 12    Int: 14    God:
Gold:   0          SH:  0    Dex: 12    Spells: 4/5 levels left

rFire    x . .     SeeInvis .   (no weapon)
rCold    + . .     Gourm    .   (no shield)
rNeg     + + +     Faith    .   a - +0 robe
rPois    ∞         Spirit   .   (no helmet)
rElec    .         Reflect  .   (no cloak)
rCorr    .         Harm     .   (no gloves)
MR       .....                  (no boots)
Stlth    ++........             (no amulet)
HPRegen  0.04/turn              (no ring)
MPRegen  0.09/turn              (no ring)

@: very slightly contaminated
A: no food or potions, fire vulnerability, cold resistance 1, negative energy
resistance 3, torment resistance, unbreathing
a: no special abilities


You were on level 1 of the Dungeon.
You were not hungry.

You visited 1 branch of the dungeon, and saw 1 of its levels.

Inventory:

Armour
 a - a +0 robe (worn)


   Skills:
 - Level 1.5 Dodging
 - Level 1.5 Stealth
 + Level 2.7 Spellcasting
   Level 0.7 Conjurations
 + Level 2.4 Ice Magic


You had 4 spell levels left.
You knew the following spells:

 Your Spells              Type           Power        Failure   Level  Hunger
a - Freeze                Ice            #...         9%          1    N/A

Your spell library contained the following spells:

 Spells                   Type           Power        Failure   Level  Hunger
 Throw Frost              Conj/Ice       #.....       17%         2    N/A
 Ozocubu's Armour         Chrm/Ice       #.......     36%         3    N/A
 Throw Icicle             Conj/Ice       #.......     75%         4    N/A
 Summon Ice Beast         Ice/Summ       #.......     78%         4    N/A

Dungeon Overview and Level Annotations

Branches:
Dungeon (1/15)

Altars:


Innate Abilities, Weirdness & Mutations

You do not eat or drink.
Your flesh is vulnerable to fire.
You are immune to poison.
Your flesh is cold resistant. (rC+)
You are immune to negative energy. (rN+++)
You are immune to unholy pain and torment.
You can survive without breathing.


Message History

Welcome, mhoghedin the Mummy Ice Elementalist.
Will you be the one to retrieve the fabulous Orb of Zot from the depths?
Found a staircase leading out of the dungeon.
A giant cockroach comes into view.
A giant cockroach is nearby!
A hobgoblin comes into view.
A dart slug comes into view.
The giant cockroach barely misses you.
Aim: a giant cockroach You freeze the giant cockroach.
You kill the giant cockroach!
You now have 3/4 mp.
Aim: a dart slug You miscast Freeze.
You are very lightly contaminated with residual magic.
Wisps of condensation drift from your hands.
The hobgoblin shouts!
The dart slug launches a dart at you. The slug dart hits you!
Ouch! That really hurt!
You take 7 damage, and have 6/13 hp.
MASSIVE DAMAGE!!
You now have 2/4 mp.
Unknown command.
Aim: a dart slug You freeze the dart slug.
You now have 1/4 mp.
Aim: a dart slug (lightly wounded)
You miscast Freeze.
You feel a strange surge of energy!
The hobgoblin hits you but does no damage.
The dart slug launches a dart at you. The slug dart misses you.
You now have 0/4 mp.
The dart slug barely misses you.
Aim: a hobgoblin You freeze the hobgoblin.
The hobgoblin closely misses you.
You now have 0/4 mp.
Aim: a hobgoblin (lightly wounded)
You miscast Freeze.
Your hands feel numb with cold.
The hobgoblin hits you.
You take 1 damage, and have 6/13 hp.
You now have 0/4 mp.
You hit the hobgoblin but do no damage. The hobgoblin hits you.
* * * LOW HITPOINT WARNING * * *
You take 5 damage, and have 1/13 hp.
MASSIVE DAMAGE!!
You barely miss the hobgoblin. The hobgoblin barely misses you.
You hit the hobgoblin. The hobgoblin closely misses you.
You hit the hobgoblin but do no damage. The hobgoblin misses you.
The dart slug bites you.
You die...

#....... #.......
##....... #........
#.....#.# ###........
####### ####..........
#≈≈≈≈.###.............
#≈≈≈.@g...............
#≈≈≈≈.w...............
#≈≈≈..............####
#≈≈.≈.............#
#≈≈≈.............##
#≈≈.≈............#
#≈≈≈.≈≈..........#
#≈≈≈.≈≈.<.......##
≈≈≈≈.≈≈≈.......#


You could see a dart slug and a hobgoblin.

Vanquished Creatures
  A giant cockroach (D:1)
1 creature vanquished.

Notes
Turn   | Place    | Note
-------+----------+-------------------------------------------
     0 | D:1      | mhoghedin the Mummy Ice Elementalist began the quest for
                  | the Orb.
     0 | D:1      | Reached XP level 1. HP: 13/13 MP: 4/4
    37 | D:1      | HP: 1/13 [hobgoblin (5)]
    40 | D:1      | Slain by a dart slug

Levels and vault maps discovered:
D:1:      nicolae_arrival_washed_ashore, layout_rooms

Action                   || total
-------------------------++-------
Melee: Unarmed           ||     4
 Cast: Freeze            ||     3
Armor: Robe              ||     1
Dodge: Dodged            ||     7

Table legend:
 A = Non-vault XP
 B = Vault XP
 C = Vault XP percentage of total XP
 D = Non-vault monster count
 E = Vault monster count
 F = Vault count percentage of total count
                 A         B        C        D         E       F
            +---------+---------+-------+---------+---------+-------
      Total |       2 |       0 |   0.0 |       1 |       0 |   0.0
            +---------+---------+-------+---------+---------+-------
        D:1 |       2 |       0 |   0.0 |       1 |       0 |   0.0
            +---------+---------+-------+---------+---------+-------

Levels and vault maps discovered:
D:1:      nicolae_arrival_washed_ashore, layout_rooms

Table legend:
 A = Turns spent in this place as a percentage of turns spent in the entire game.
 B = Non-inter-level travel turns spent in this place as a percentage of non-inter-level travel turns spent in the entire game.
 C = Inter-level travel turns spent in this place as a percentage of turns spent in this place.
 D = Turns resting spent in this place as a percentage of non-inter-level travel turns spent in this place.
 E = Turns spent auto-exploring this place as a percentage of non-inter-level travel turns spent in this place.
 F = Non-inter-level travel turns spent in this place divided by the number of levels of this place that you've seen.
                   A       B       C       D       E      F
               +-------+-------+-------+-------+-------+----------------------
         Total | 100.0 | 100.0 |   0.0 |   0.0 |  12.5 |  40.0
       Dungeon | 100.0 | 100.0 |   0.0 |   0.0 |  12.5 |  40.0
               +-------+-------+-------+-------+-------+----------------------

Table legend:
 A = Kills in this place as a percentage of kills in entire the game.
 B = Kills by you in this place as a percentage of kills by you in the entire game.
 C = Kills by friends in this place as a percentage of kills by friends in the entire game.
 D = Other kills in this place as a percentage of other kills in the entire game.
 E = Experience gained in this place as a percentage of experience gained in the entire game.
 F = Experience gained in this place divided by the number of levels of this place that you have seen.
                   A       B       C       D       E      F
               +-------+-------+-------+-------+-------+----------------------
         Total | 100.0 | 100.0 |   N/A |   N/A | 100.0 |   2.0
       Dungeon | 100.0 | 100.0 |   N/A |   N/A | 100.0 |   2.0
               +-------+-------+-------+-------+-------+----------------------
